AoeStats
← Jomaloro

Oasis

509940080Analyzed
4v4 RM · 2d ago on Sep 28, 2026· 40m 4s· 8 players
Game mode
Random Map
Map size
Large (8 player)
Population
200
Speed
Normal
Resources
Standard
Victory
Conquest
Starting age
Dark Age
Ending age
Imperial Age
RankedLock teamsTeams togetherTeam positionsShared explorationLock speedFull tech treeHidden civsTurbo modeCheats
Victory
Defeat
🇪🇸 Huns · Spain
1050
+15
🇫🇷 Malians · France
994
+17
🇯🇵 Georgians · Japan
988
+17
🇨🇱 Burgundians · Chile
956
+19
🇲🇽 Japanese · Mexico
1101
-21
🇦🇷 Chinese · Argentina
1072
-19
🇧🇷 Franks · Brazil
957
-14
🇸🇪 Poles · Sweden
955
-14
kagemusha
4:48 Loom
10:39 Feudal Age
11:17 Loom
12:08 Wheelbarrow
11:24 Double-Bit Axe
22:23 Castle Age
21:08 Horse Collar
21:33 Gold Mining
21:36 Stone Mining
23:05 Bloodlines
22:47 Fletching
23:03 Scale Barding Armor
24:32 Bow Saw
33:19 Hand Cart
36:35 Imperial Age
36:05 Forging
35:53 Town Watch
38:07 Conscription
38:12 Chain Barding Armor
37:53 Pikeman
38:04 Elite Monaspa
Anne d'autriche
12:19 Feudal Age
10:48 Loom
13:08 Double-Bit Axe
13:52 Gold Mining
13:46 Horse Collar
15:39 Wheelbarrow
20:41 Castle Age
18:55 Man-at-Arms
19:28 Arson
20:23 Scale Mail Armor
20:35 Forging
21:29 Long Swordsman
22:11 Squires
22:29 Heavy Plow
24:11 Gold Shaft Mining
23:56 Bow Saw
25:27 Chain Mail Armor
26:59 Iron Casting
32:46 Stone Mining
33:15 Hand Cart
35:42 Stone Shaft Mining
39:13 Imperial Age
40:20 Conscription
Z
10:32 Wheelbarrow
10:02 Double-Bit Axe
9:59 Horse Collar
12:19 Feudal Age
11:03 Gold Mining
15:11 Hand Cart
17:57 Castle Age
16:40 Bow Saw
16:59 Heavy Plow
20:38 Two-Man Saw
20:37 Crop Rotation
23:25 Stone Mining
26:03 Gold Shaft Mining
26:45 Stone Shaft Mining
26:54 Scale Mail Armor
27:05 Forging
30:15 Chain Mail Armor
30:35 Iron Casting
30:28 Squires
30:14 Arson
30:58 Town Watch
35:43 Imperial Age
33:27 Guilds
33:40 Loom
36:26 Burgundian Vineyards
36:45 Conscription
36:56 Plate Mail Armor
37:27 Blast Furnace
kirlito
12:50 Feudal Age
14:27 Wheelbarrow
13:34 Horse Collar
13:42 Double-Bit Axe
21:22 Castle Age
19:15 Stone Mining
19:16 Gold Mining
20:05 Scale Barding Armor
20:10 Forging
22:33 Hand Cart
22:23 Heavy Plow
22:35 Bow Saw
23:09 Gold Shaft Mining
29:48 Marauders
32:20 Imperial Age
30:13 Chain Barding Armor
30:28 Iron Casting
31:21 Bloodlines
31:12 Husbandry
32:21 Elite Tarkan
33:21 Conscription
33:45 Plate Barding Armor
34:59 Blast Furnace
PsicoDelico
8:48 Loom
11:08 Feudal Age
11:55 Double-Bit Axe
18:20 Castle Age
19:22 Bow Saw
21:15 Wheelbarrow
22:20 Hand Cart
30:52 Town Watch
31:24 Forging
31:20 Scale Barding Armor
33:51 Imperial Age
31:46 Husbandry
32:26 Caravan
34:53 Iron Casting
34:39 Chain Barding Armor
35:00 Cavalier
36:50 Conscription
36:53 Murder Holes
37:04 Siege Engineers
38:00 Chemistry
36:46 Arrowslits
38:05 Fletching
Jomaloro
10:29 Feudal Age
14:25 Castle Age
13:05 Double-Bit Axe
13:12 Horse Collar
17:28 Wheelbarrow
24:45 Bow Saw
25:01 Gold Mining
28:32 Imperial Age
26:17 Scale Mail Armor
26:57 Gold Shaft Mining
26:13 Stone Mining
27:05 Hand Cart
26:38 Loom
26:25 Man-at-Arms
26:52 Gambesons
27:11 Long Swordsman
27:12 Pikeman
27:55 Town Watch
28:19 Heavy Plow
28:56 Two-Handed Swordsman
30:04 Conscription
30:12 Chain Mail Armor
30:22 Forging
30:09 Champion
31:00 Squires
32:13 Two-Man Saw
33:01 Iron Casting
32:37 Fletching
32:48 Padded Archer Armor
33:35 Parthian Tactics
34:02 Thumb Ring
33:57 Heavy Cavalry Archer
34:55 Bodkin Arrow
37:20 Bracer
39:10 Plate Mail Armor
alejocantonee
8:54 Loom
11:43 Feudal Age
12:22 Double-Bit Axe
24:34 Wheelbarrow
27:05 Castle Age
26:47 Fletching
26:39 Horse Collar
26:54 Gold Mining
26:56 Stone Mining
28:40 Bodkin Arrow
29:14 Crossbowman
32:05 Scale Mail Armor
33:36 Chain Mail Armor
34:07 Bow Saw
34:37 Forging
Shusai
12:01 Feudal Age
13:03 Double-Bit Axe
18:03 Castle Age
20:31 Wheelbarrow
23:14 Horse Collar
24:07 Heavy Plow
25:45 Bow Saw
28:04 Hand Cart
28:33 Scale Barding Armor
38:30 Imperial Age
39:47 Lechitic Legacy
39:52 Conscription
Connection lost

Rejoining the realm…

Still unreachable

The connection could not be restored.

Session expired

The server has moved on; the page needs a fresh start.